 Dungeon Crawl Stone Soup version 0.19.4-9-g45fd643 (webtiles) character file.

1622 nikopol the Skirmisher (level 8, -6/109 HPs)
             Began as a Minotaur Berserker on Feb 20, 2017.
             Was an Elder of Trog.
             Mangled by an ogre
             ... wielding a +0 giant club
              (24 damage)
             ... on level 6 of the Dungeon.
             The game lasted 00:17:33 (5198 turns).

nikopol the Skirmisher (Minotaur Berserker)         Turns: 5198, Time: 00:17:34

Health: -6/109     AC:  8    Str: 28    XL:     8   Next: 65%
Magic:  7/7        EV: 13    Int:  4    God:    Trog [****..]
Gold:   375        SH:  0    Dex: 11    Spells: 0 memorised, 7 levels left

rFire  . . .     SeeInvis .     a - +1 hand axe (venom)
rCold  . . .     Gourm    +     x - +0 ring mail
rNeg   . . .     Faith    .     (no shield)
rPois  .         Spirit   .     (helmet restricted)
rElec  .         Reflect  .     (no cloak)
rCorr  +         Harm     .     g - +0 pair of gloves
MR     .....                    V - +0 pair of boots
Stlth  ..........               p - amulet of the gourmand
                                F - ring of loudness (curse)
                                n - ring of resist corrosion

@: berserking, drained, very quick
A: retaliatory headbutt, horns 2
a: Berserk, Trog's Hand, Brothers in Arms, Burn Spellbooks, Renounce Religion


You were on level 6 of the Dungeon.
You worshipped Trog.
Trog was greatly pleased with you.
You were very full.

You visited 1 branch of the dungeon, and saw 6 of its levels.
You also visited: Sewer.

You collected 375 gold pieces.

Inventory:

Hand Weapons
 a - a +1 hand axe of venom (weapon)
 E - a +0 hand axe
 R - a +0 war axe
Missiles
 i - 89 arrows (quivered)
Armour
 b - a +0 animal skin
 g - a +0 pair of gloves (worn)
 x - a +0 ring mail (worn)
 V - a +0 pair of boots (worn)
Jewellery
 n - a ring of resist corrosion (left hand)
 p - an amulet of the gourmand (around neck)
 F - a cursed ring of loudness (right hand)
 G - an uncursed ring of positive energy
 K - an uncursed ring of protection from cold
Wands
 t - a wand of teleportation (6/9)
 u - a wand of lightning (8/15)
 y - a wand of polymorph (8/24)
 H - a wand of lightning (6/15)
 U - a wand of flame (34/48)
Scrolls
 d - 4 scrolls of identify
 f - 3 scrolls of enchant armour {unknown}
 h - 2 scrolls of magic mapping {unknown}
 k - a scroll of recharging {unknown}
 l - 6 scrolls of remove curse {unknown}
 q - a scroll of noise {unknown}
 v - a scroll of amnesia {unknown}
 w - a scroll of blinking {unknown}
 A - 3 scrolls of teleportation
 J - 4 scrolls of enchant weapon {unknown}
 N - a scroll of silence {unknown}
 O - a scroll of random uselessness {unknown}
 S - a scroll of holy word {unknown}
Potions
 e - a potion of resistance {unknown}
 m - 4 potions of curing
 r - 2 potions of might
 s - 5 potions of flight
 z - a potion of haste
 B - 2 potions of heal wounds
 C - a potion of experience {unknown}
 D - a potion of cancellation {unknown}
 I - a potion of brilliance {unknown}
 M - a potion of agility {unknown}
 P - a potion of magic {unknown}
 T - a potion of degeneration {unknown}
Comestibles
 c - 6 bread rations
 j - 5 fruits
 o - 8 meat rations
 L - a royal jelly


   Skills:
 + Level 7.5(6.2) Fighting
 + Level 7.5(6.2) Axes
 + Level 7.1(5.9) Armour
 + Level 6.3(5.1) Dodging


You had 7 spell levels left.
You didn't know any spells.

Dungeon Overview and Level Annotations

Branches:
Dungeon (6/15)             Temple (0/1) D:6

Altars:
Okawaru
Sif Muna
Trog
Xom
Zin
The Shining One


Innate Abilities, Weirdness & Mutations

You reflexively headbutt those who attack you in melee.
You have a pair of horns on your head.


Message History

You destroy the wight!
Trog accepts your kill.
Your base Armour skill increases to level 7!
You closely miss the wight. You slash the wight! You slash the wight!
You destroy the wight!
Trog accepts your kill.
You hit the wight.
The wight hits you with an enchanted halberd.
* * * LOW HITPOINT WARNING * * *
You feel drained.
You closely miss the wight.
The wight is heavily damaged.
You slash the wight!
You destroy the wight!
Trog accepts your kill.
You slash the ogre!
The ogre looks as sick as possible!
The ogre is heavily wounded.
The ogre hits you with a giant club!!
You die...

# ##.#.# #>.....#
############....#############.###
.............#.......#..........#
.......##..#..###.##.#.######.#.#
.#####.##..#.## ##.#.#.# #.#.# .#
#.##....# #.....# #.#.#
.#####.....#.## ##.#.### #.#.#
.....#######..###.##.#### #.#<#
.###............@O......# #....
.# #########.#†)))(....<# ###..
.. #.#..###.##..# #(. .. #.#..#
#.##..# #.. #. ..#..# #. #..# #..
#. ###..# #. #..# #.. #..#
#.##..#######.. #...
............... #..#
##.#.##...###..


You could see an ogre.

Vanquished Creatures
  Menkaure (D:5)
  Duvessa (D:4)
  An ogre (D:5)
  Dowan (D:4)
  A scorpion (D:4)
  2 howler monkeys
  4 wights (D:6)
  2 crimson imps (D:5)
  2 jellies
  2 bullfrog skeletons
  3 orc priests
  2 hounds
  5 orc wizards
  An iguana (D:5)
  Ijyb (D:2)
  4 worker ants
  A siren (Sewer)
  A merfolk avatar (Sewer)
  A hound skeleton (D:5)
  2 worker ant zombies (D:5)
  7 adders
  4 gnolls
  3 river rats (Sewer)
  2 adder skeletons
  2 worms
  A dart slug (D:2)
  6 leopard geckos
  12 orcs
  6 ball pythons
  6 giant cockroaches
  11 goblins
  6 hobgoblins
  7 jackals
  4 kobolds
  4 quokkas
  15 bats
  7 frilled lizards
  A leopard gecko zombie (D:5)
  26 rats
168 creatures vanquished.

Notes
Turn   | Place    | Note
-------+----------+-------------------------------------------
     0 | D:1      | nikopol the Minotaur Berserker began the quest for the Orb.
     0 | D:1      | Reached XP level 1. HP: 19/19 MP: 0/0
   172 | D:1      | Reached XP level 2. HP: 18/27 MP: 1/1
   836 | D:2      | Reached XP level 3. HP: 30/33 MP: 2/2
   959 | D:2      | Found a deep blue altar of Sif Muna.
  1107 | D:2      | Reached ** piety under Trog
  1220 | D:2      | Noticed Ijyb
  1228 | D:2      | Reached XP level 4. HP: 27/41 MP: 3/3
  1229 | D:2      | Killed Ijyb
  1806 | D:3      | Found a bloodstained altar of Trog.
  1806 | D:3      | Found a glowing silver altar of Zin.
  2174 | D:4      | Noticed Duvessa
  2174 | D:4      | Noticed Dowan
  2213 | D:4      | Killed Duvessa
  2213 | D:4      | Reached XP level 5. HP: 47/47 MP: 4/4
  2214 | D:4      | Killed Dowan
  2214 | D:4      | Reached skill level 5 in Fighting
  2214 | D:4      | Reached skill level 5 in Axes
  2278 | D:4      | Reached XP level 6. HP: 56/56 MP: 5/5
  2391 | D:4      | Reached skill level 5 in Armour
  2439 | D:4      | Got a faintly glowing trident
  2489 | D:4      | Reached *** piety under Trog
  2516 | D:4      | Reached XP level 7. HP: 35/62 MP: 6/6
  2996 | D:5      | Entered Level 5 of the Dungeon
  3200 | D:5      | Found a glowing drain.
  3204 | Sewer    | Entered a sewer
  3416 | Sewer    | Reached **** piety under Trog
  3742 | D:5      | Noticed Menkaure
  3753 | D:5      | Killed Menkaure
  3753 | D:5      | Reached skill level 5 in Dodging
  4052 | D:5      | Reached XP level 8. HP: 42/71 MP: 7/7
  4332 | D:5      | Identified the +3 trident "Utopn" {venom, rN++} (You found it on level 4 of the Dungeon)
  4593 | D:6      | Found a staircase to the Ecumenical Temple.
  5068 | D:6      | Found an iron altar of Okawaru.
  5111 | D:6      | Found a glowing golden altar of the Shining One.
  5121 | D:6      | Found a shimmering altar of Xom.
  5198 | D:6      | Mangled by an ogre

Skill      XL: |  1  2  3  4  5  6  7  8 |
---------------+-------------------------+-----
Armour         | 3 4 5 6 7 |  7.1
Fighting       | 4 5 6 7 |  7.5
Axes           | 4 5 6 7 |  7.5
Dodging        | 3 4 5 6 |  6.3

Action                   |  1- 3 |  4- 6 |  7- 9 || total
-------------------------+-------+-------+-------++-------
Melee: Hand axe          |    71 |    71 |    60 ||   202
       Headbutt          |     7 |    15 |    29 ||    51
       War axe           |       |    17 |   152 ||   169
Invok: Berserk           |       |       |     2 ||     2
  Use: Scroll            |       |       |     7 ||     7
       Potion            |       |       |     1 ||     1
  Eat: Chunk             |     1 |     4 |    25 ||    30
Armor: Animal skin       |    12 |     1 |       ||    13
       Ring mail         |       |    24 |    90 ||   114
       Skin              |       |    13 |       ||    13
Dodge: Dodged            |    36 |    64 |   129 ||   229
